 Dungeon Crawl Stone Soup version 0.29-a0-334-gb41bcbb86e (webtiles) character file.

Game seed: 10370475277669808395

46 spaghetti the Gusty (level 3, 0/21 HPs)
             Began as an Octopode Air Elementalist on Apr 13, 2022.
             Slain by a jackal (1 damage)
             ... on level 2 of the Dungeon.
             The game lasted 00:01:28 (1151 turns).

spaghetti the Gusty (Octopode Air Elementalist)     Turns: 1151, Time: 00:01:28

Health: 0/21       AC:  1    Str:  7    XL:     3   Next: 66%
Magic:  0/6        EV: 13    Int: 19    God:
Gold:   14         SH:  0    Dex: 12    Spells: 3/6 levels left

rFire   . . .      SeeInvis .   b - +0 long sword {long}
rCold   . . .      Faith    .   (no shield)
rNeg    . . .      Spirit   .   (helmet restricted)
rPois   .          Reflect  .   (no amulet)
rElec   .          Harm     .   (no ring)
rCorr   .          Rampage  .   (no ring)
Will    .....                   (no ring)
Stlth   +++.......              (no ring)
HPRegen 0.07/turn               (no ring)
MPRegen 0.10/turn               (no ring)
                                (no ring)
                                (no ring)

@: mighty, flying, very slightly contaminated
A: almost no armour, amphibious, 8 rings, camouflage 1, gelatinous body 1,
(nimble swimmer 1), tentacles
a: no special abilities


You were on level 2 of the Dungeon.
You visited 1 branch of the dungeon, and saw 2 of its levels.

You collected 14 gold pieces.


Innate Abilities, Weirdness & Mutations

You cannot wear most types of armour.
You are amphibious.
You can wear up to eight rings at the same time.
Your skin changes colour to match your surroundings (Stealth+).
Your rubbery body absorbs attacks. (AC +1, EV +1)
((You are camouflaged when in or above water. (Stealth+)))
You have tentacles for arms and can constrict up to eight enemies at once.


   Skills:
 - Level 2.0 Dodging
 - Level 2.6 Stealth
 - Level 2.0 Spellcasting
 - Level 1.0 Conjurations
 + Level 4.5 Air Magic


You had 3 spell levels left.
You knew the following spells:

 Your Spells              Type           Power      Damage    Failure   Level
a - Shock                 Conj/Air       48%        1d6       5%          1
b - Static Discharge      Conj/Air       12%        N/A       9%          2

Your spell library contained the following spells:

 Spells                   Type           Power      Damage    Failure   Level
 Swiftness                Air            19%        N/A       8%          3
 Airstrike                Air            9%         N/A       26%         4

Inventory:

Hand Weapons
 b - a +0 long sword (weapon) {long}
   (You found it on level 2 of the Dungeon)
Missiles
 d - 3 boomerangs {throwing}
Scrolls
 a - a scroll of identify {unknown}
 e - a scroll of enchant armour {unknown}
 g - a scroll of teleportation {unknown}
Potions
 c - a potion of might
 h - a potion of flight

Dungeon Overview and Level Annotations

Branches:
Dungeon (2/15)

Altars:

#..##.# .........##
#..##.# ######.##
#..##.# ##.## #..##.####
#..# #........# # #...
##.##.##.##########.#
##.#.
#####.##................
...##
#.)...#######.......##..
##..## #.#####
#..P@P...... #..# #.#
####h######. #[.# #.#


gh+ #.># #.### ...# ##..## #...# #...+ #..... ###.# ######## #...## #.#
#.########...## #.# #....)......... #.# #.########.#### You could see a gnoll
(inner flame) and 2 jackals.


Message History

c - 2 white potions (gained 1)
An endoplasm comes into view.
Casting: Shock (safe; 5% risk of failure)
Confirm with . or Enter, or press ? or * to list all spells.
Aiming: Shock (safe; 5% risk of failure)
Press: ? - help, Shift-Dir - straight line, f - endoplasm
Aim: an endoplasm (asleep, 100% to hit)
The zap hits the endoplasm.
The endoplasm quivers. 😎 MP[-1]
You lost 1 mp, and now have 5/6 mp.
Casting: Shock (safe; 5% risk of failure)
Confirm with . or Enter, or press ? or * to list all spells.
Aiming: Shock (safe; 5% risk of failure)
Press: ? - help, Shift-Dir - straight line, f/p - endoplasm
Aim: an endoplasm (lightly wounded, 97% to hit)
You miscast Shock.
You are very lightly contaminated with residual magic.
Nothing appears to happen. 😎 MP[-1]
You lost 1 mp, and now have 4/6 mp.
Casting: Shock (safe; 5% risk of failure)
Confirm with . or Enter, or press ? or * to list all spells.
Aiming: Shock (safe; 5% risk of failure)
Press: ? - help, Shift-Dir - straight line, f/p - endoplasm
Aim: an endoplasm (lightly wounded, 97% to hit)
You miscast Shock.
Nothing appears to happen. 😎 MP[-1]
You lost 1 mp, and now have 3/6 mp.
Casting: Shock (safe; 5% risk of failure)
Confirm with . or Enter, or press ? or * to list all spells.
The endoplasm is struck by an arc of lightning!
You kill the endoplasm!
You are struck by an arc of lightning.
The lightning grounds out. 😕 HP[-2] MP[-2]
You take 2 damage, and now have 19/21 hp.
You lost 2 mp, and now have 1/6 mp.
You start resting.
Your magical contamination has completely faded away. 😕 HP[+1] MP[+1]
You open the door. 2 jackals and a gnoll come into view.
The gnoll shouts!
The jackal barks! x2 😎 HP[+1] MP[+4]
Your hp is fully restored (21).
Your mp is fully restored (6).
There are monsters nearby!
There are monsters nearby!
There are monsters nearby!
Casting: Static Discharge (safe; 9% risk of failure)
Confirm with . or Enter, or press ? or * to list all spells.
You miscast Static Discharge.
You are very lightly contaminated with residual magic.
Nothing appears to happen.
The jackal bites you. 😕 HP[-2] MP[-2]
You take 2 damage, and now have 19/21 hp.
You lost 2 mp, and now have 4/6 mp.
Casting: Static Discharge (safe; 9% risk of failure)
Confirm with . or Enter, or press ? or * to list all spells.
You miscast Static Discharge.
Nothing appears to happen.
The jackal bites you. x2 😮 HP[-6] MP[-2]
You take 6 damage, and now have 13/21 hp.
MASSIVE DAMAGE!! (PAUSE)
You lost 2 mp, and now have 2/6 mp.
Casting: Static Discharge (safe; 9% risk of failure)
Confirm with . or Enter, or press ? or * to list all spells.
The bush is struck by an arc of lightning.
You are struck by an arc of lightning.
The lightning grounds out.
The jackal misses you. 😮 HP[-2] MP[-2]
You take 2 damage, and now have 11/21 hp.
You lost 2 mp, and now have 0/6 mp.
Unknown command.
You closely miss the jackal. Your grab misses the jackal. The jackal bites you.
* * * LOW HITPOINT WARNING * * *
The jackal bites you.
* * * LOW HITPOINT WARNING * * *
😨 HP[-5]
You take 5 damage, and now have 6/21 hp.
MASSIVE DAMAGE!! (PAUSE) It was a potion of flight.
You feel very buoyant.
You fly up into the air.
The jackal bites you.
* * * LOW HITPOINT WARNING * * *
😱 HP[-2]
You take 2 damage, and now have 4/21 hp.
It was a potion of might.
You feel very mighty all of a sudden. The jackal bites you.
* * * LOW HITPOINT WARNING * * *
The jackal bites you.
* * * LOW HITPOINT WARNING * * *
😱 HP[-3]
You take 3 damage, and now have 1/21 hp.
Unknown command.
As you read the scroll labelled YCA JUYWOUWOOF, it crumbles to dust.
The creatures around you are filled with an inner flame!
It was a scroll of immolation.
The jackal bites you.
You die...

Skill      XL: |  1  2 |
---------------+-------+-----
Air Magic      | 4 |  4.5
Dodging        | |  2.0
Stealth        | |  2.6
Spellcasting   | |  2.0
Conjurations   | |  1.0

Action                   || total
-------------------------++-------
Melee: Unarmed           ||     4
       Long sword        ||     9
       Constrict         ||     3
 Cast: Shock             ||    24
       Static Discharge  ||     4
  Use: Potion            ||     3
       Scroll            ||     1
Armor: Skin              ||     1
Dodge: Dodged            ||    15

Levels and vault maps discovered:
D:1:      roderic_dead_forest, layout_basic
D:2:      layout_loops_ring, cheibrodos_gnoll_hut

Notes
Turn   | Place    | Note
-------+----------+-------------------------------------------
     0 | D:1      | spaghetti the Octopode Air Elementalist began the quest for
                  | the Orb.
     0 | D:1      | Reached XP level 1. HP: 11/11 MP: 3/3
     0 | D:1      | magus.rc [v1.9.6]
   242 | D:2      | Reached XP level 2. HP: 9/17 MP: 0/5
   251 | D:2      | HP: 3/17 [adder (3)]
   254 | D:2      | Reached skill level 4 in Air Magic
   550 | D:2      | Learned a level 2 spell: Static Discharge
   582 | D:2      | Reached XP level 3. HP: 21/21 MP: 2/6
  1149 | D:2      | HP: 4/21 [jackal (2)]
  1150 | D:2      | HP: 1/21 [jackal (1)]
  1151 | D:2      | Slain by a jackal

Vanquished Creatures
  4 adders (D:2)
  2 endoplasms
  A giant cockroach (D:2)
  2 goblins (D:2)
  2 ball pythons (D:2)
  A rat (D:2)
12 creatures vanquished.

Table legend:
 A = Non-vault XP
 B = Vault XP
 C = Vault XP percentage of total XP
 D = Non-vault monster count
 E = Vault monster count
 F = Vault count percentage of total count
                 A         B        C        D         E       F
            +---------+---------+-------+---------+---------+-------
      Total |      66 |       0 |   0.0 |      12 |       0 |   0.0
            +---------+---------+-------+---------+---------+-------
        D:1 |       2 |       0 |   0.0 |       1 |       0 |   0.0
        D:2 |      64 |       0 |   0.0 |      11 |       0 |   0.0
            +---------+---------+-------+---------+---------+-------

Illustrated notes

Table legend:
 A = Kills in this place as a percentage of kills in entire the game.
 B = Kills by you in this place as a percentage of kills by you in the entire game.
 C = Kills by friends in this place as a percentage of kills by friends in the entire game.
 D = Other kills in this place as a percentage of other kills in the entire game.
 E = Experience gained in this place as a percentage of experience gained in the entire game.
 F = Experience gained in this place divided by the number of levels of this place that you have seen.
                   A       B       C       D       E      F
               +-------+-------+-------+-------+-------+----------------------
         Total | 100.0 | 100.0 |   N/A |   N/A | 100.0 |  33.0
       Dungeon | 100.0 | 100.0 |   N/A |   N/A | 100.0 |  33.0
               +-------+-------+-------+-------+-------+----------------------

Table legend: (Time is in decaauts)
 A = Elapsed time spent in this place.
 B = Non-inter-level travel time spent in this place.
 C = Inter-level travel time spent in this place.
 D = Time resting spent in this place.
 E = Time spent auto-exploring this place.
 F = Levels seen in this place.
 G = Mean time per level.
                   A        B        C        D        E       F      G
               +--------+--------+--------+--------+--------+-----+--------+
         Total |   1153 |   1153 |      0 |    402 |    655 |   2 |  576.5 |
       Dungeon |   1153 |   1153 |      0 |    402 |    655 |   2 |  576.5 |
               +--------+--------+--------+--------+--------+-----+--------+

Top non-repeatable levels by time:
     D:2: 1120 daAuts
     D:1: 33 daAuts
